 Dungeon Crawl Stone Soup version 0.30.1-9-gdf580d7c3d (webtiles) character file.

Game seed: 15754051116774331302

40 ringo67 the Chiller (level 3, -18/26 HPs)
             Began as a Human Ice Elementalist on Oct 7, 2023.
             Killed from afar by Natasha (23 damage)
             ... with a bolt of dispelling energy
             ... on level 2 of the Dungeon.
             The game lasted 00:03:09 (1844 turns).

ringo67 the Chiller (Human Ice Elementalist)        Turns: 1844, Time: 00:03:09

Health: -18/26     AC:  2    Str:  8    XL:     3   Next: 72%
Magic:  0/6        EV: 12    Int: 17    God:
Gold:   100        SH:  0    Dex: 13    Spells: 3/7 levels left

rFire   . . .        d - +0 short sword
rCold   . . .        (no shield)
rNeg    . . .        a - +0 robe
rPois   .            (no helmet)
rElec   .            (no cloak)
rCorr   .            (no gloves)
SInv    .            (no boots)
Will    .....        (no amulet)
Stlth   ++           (no ring)
HPRegen 0.24/turn    (no ring)
MPRegen 0.10/turn

%: no passive effects
@: very slightly contaminated
A: no striking features
a: no special abilities


You were on level 2 of the Dungeon.
You visited 1 branch of the dungeon, and saw 2 of its levels.

You collected 100 gold pieces.

Inventory:

Hand Weapons
 d - a +0 short sword (weapon)
Armour
 a - a +0 robe (worn)
Scrolls
 c - a scroll of vulnerability {unknown}
 e - 3 scrolls of identify {unknown}
 i - a scroll of magic mapping {unknown}
 k - a scroll of enchant armour {unknown}
Potions
 b - a potion of magic
 f - a potion of ambrosia {unknown}
 g - a potion of mutation {unknown}
 h - a potion of might {unknown}
 j - a potion of attraction {unknown}


   Skills:
 + Level 1.5 Fighting
 - Level 2.0 Dodging
 - Level 2.0 Stealth
 + Level 2.5 Spellcasting
 + Level 4.4 Ice Magic


You had 3 spell levels left.
You knew the following spells:

 Your Spells              Type           Power      Damage    Failure   Level
a - Freeze                Ice            68%        1d8       3%          1
b - Frozen Ramparts       Ice            34%        1d6       9%          3

Your spell library contained the following spells:

 Spells                   Type           Power      Damage    Failure   Level
 Ozocubu's Armour         Ice            17%        N/A       9%          3
 Summon Ice Beast         Ice/Summ       9%         N/A       58%         4


Dungeon Overview and Level Annotations

Branches:
Dungeon (2/15)

Altars:

Annotations:
D:2 Natasha


Message History

You are too injured to fight recklessly!
Casting: Frozen Ramparts (quite dangerous; 9% risk of failure)
Confirm with . or Enter, or press ? or * to list all spells.
Aiming: Freeze (safe; 3% risk of failure)
Press: ? - help, Shift-Dir - straight line, f - Natasha
Aim: Natasha, carrying a wand of quicksilver (2) (severely wounded)
You miscast Freeze.
You are very lightly contaminated with residual magic.
Nothing appears to happen.
The wall freezes Natasha.
Natasha drinks a potion.
Natasha is healed!
Casting: Freeze (safe; 3% risk of failure)
Confirm with . or Enter, or press ? or * to list all spells.
Aiming: Freeze (safe; 3% risk of failure)
Press: ? - help, Shift-Dir - straight line, f/p - Natasha
Aim: Natasha, carrying a wand of quicksilver (2) (moderately wounded)
You freeze Natasha.
Natasha is heavily wounded.
The frozen ramparts melt away.
Natasha closely misses you.
Casting: Freeze (safe; 3% risk of failure)
Confirm with . or Enter, or press ? or * to list all spells.
You don't have enough magic to cast this spell.
Casting: Freeze (safe; 3% risk of failure)
Confirm with . or Enter, or press ? or * to list all spells.
Aiming: Freeze (safe; 3% risk of failure)
Press: ? - help, Shift-Dir - straight line, f/p - Natasha
Aim: Natasha, carrying a wand of quicksilver (2) (heavily wounded)
You freeze Natasha.
Natasha is severely wounded.
Natasha barely misses you.
You closely miss Natasha.
Natasha is severely wounded.
Natasha stares at you and mumbles some strange words.
The magic dart hits you.
* * * LOW HITPOINT WARNING * * *
You hit Natasha but do no damage.
Natasha is severely wounded.
Natasha zaps a wand.
The bolt of dispelling energy hits you!!
Ouch! That really hurt!
You die...

#......†.........# ..#
###.########.....# ..# #####....#
#<#.....# ...#
###......#.###.#.....# .....
#......#.#.....#.....###....#
#......#.#######.###.........
###......#.# #.......#####
#.....####.##########.#..####
##.##### #.....#@h...#.#.....##
...# #.....#.##....#......###
##########.....#.###########.....
.....)...#####...#...........####
########.########...# ######## ##
#.......# #...# #######.
#.......#####...# ........
#.......##......# ........
#.......##.##†..# ........


You could see Natasha.

Vanquished Creatures
  An adder (D:2)
  A worm (D:2)
  A dart slug (D:1)
  6 ball pythons
  4 endoplasms (D:2)
  A giant cockroach (D:2)
  A hobgoblin (D:2)
  2 kobolds (D:1)
  2 quokkas
  3 frilled lizards
  2 goblins
  2 rats
26 creatures vanquished.

Notes
Turn   | Place    | Note
-------+----------+-------------------------------------------
     0 | D:1      | ringo67 the Human Ice Elementalist began the quest for the
                  | Orb.
     0 | D:1      | Reached XP level 1. HP: 13/13 MP: 3/3
   528 | D:1      | Found a faded altar of an unknown god.
   663 | D:1      | Reached XP level 2. HP: 20/20 MP: 5/5
  1095 | D:2      | Reached skill level 1 in Fighting
  1192 | D:2      | Reached XP level 3. HP: 21/26 MP: 0/6
  1312 | D:2      | Learned a level 3 spell: Frozen Ramparts
  1835 | D:2      | Noticed Natasha
  1844 | D:2      | Killed from afar by Natasha

Illustrated notes

Levels and vault maps discovered:
D:1:      dpeg_arrival_circle_labyrinth_c, layout_basic,
          shapermc_ecumenical_altar_petra
D:2:      layout_basic, uniq_natasha

Skill      XL: |  1  2 |
---------------+-------+-----
Fighting       | 1 |  1.5
Dodging        | |  2.0
Stealth        | |  2.0
Spellcasting   | |  2.5
Ice Magic      | |  4.4

Action                     || total
---------------------------++-------
  Melee: Short sword       ||    51
   Cast: Freeze            ||    26
         Frozen Ramparts   ||     3
   Stab: Sleeping          ||     5
 Armour: Robe              ||     4
  Dodge: Dodged            ||    32
